 Dungeon Crawl Stone Soup version 0.29.0-15-g675c0067aa (webtiles) character file.

Game seed: 8193453934430289735

6283 qw the Severer (level 10, -6/82 HPs)
             Began as a Minotaur Berserker on Sept 12, 2022.
             Was an Elder of Trog.
             Mangled by a hornet (13 damage)
             ... on level 9 of the Dungeon.
             The game lasted 00:03:04 (8839 turns).

qw the Severer (Minotaur Berserker)                 Turns: 8839, Time: 00:03:05

Health: -6/82      AC: 11    Str: 26    XL:     10   Next: 63%
Magic:  10/10      EV: 11    Int:  4    God:    Trog [****..]
Gold:   615        SH:  0    Dex: 10    Spells: 9/9 levels left

rFire   . . .      SeeInvis .   b - +0 war axe
rCold   . . .      Faith    .   (no shield)
rNeg    + . .      Spirit   .   j - +3 scale mail "Bubbyrih" {rPois rN+}
rPois   +          Reflect  .   (helmet restricted)
rElec   .          Harm     .   l - +0 cloak
rCorr   .          Rampage  .   (no gloves)
Will    .....      Clarity  +   (no boots)
Stlth   ..........              d - amulet of regeneration
HPRegen 1.03/turn               (no ring)
MPRegen 0.12/turn               (no ring)

@: on berserk cooldown, slowed, very slow
A: horns 2, retaliatory headbutt, clarity, frail 1, high MP 1
a: Renounce Religion, Berserk, Trog's Hand, Brothers in Arms


You were on level 9 of the Dungeon.
You worshipped Trog.
Trog was greatly pleased with you.
You visited 1 branch of the dungeon, and saw 9 of its levels.
You also visited: Ossuary.

You collected 615 gold pieces.


Innate Abilities, Weirdness & Mutations

You have a pair of horns on your head.
You reflexively headbutt those who attack you in melee.
You possess an exceptional clarity of mind.
You are frail. (-10% HP)
You have an increased reservoir of magic. (+10% MP)


   Skills:
 + Level 9.7 Fighting
 - Level 16.0 Axes
 - Level 3.0 Throwing
 - Level 4.2 Armour
 - Level 3.3 Dodging


You had 9 spell levels left.
You didn't know any spells.
Your spell library was empty.

Inventory:

Hand Weapons
 b - a +0 war axe (weapon)
 n - a +0 flail of protection
Missiles
 m - 5 boomerangs
 p - 2 javelins (quivered)
Armour
 j - the +3 scale mail "Bubbyrih" (worn) {rPois rN+}
   (You found it on level 3 of the Dungeon)

   rPois:     It protects you from poison.
   rN:        It protects you from negative energy.
 k - a +0 plate armour
 l - a +0 cloak (worn)
Jewellery
 d - an amulet of regeneration (around neck)
 o - an amulet of faith
Scrolls
 a - 3 scrolls of identify
Potions
 c - a potion of heal wounds
 e - 3 potions of curing
 f - 2 potions of haste
 g - 3 potions of might
 h - 3 potions of resistance

Dungeon Overview and Level Annotations

Branches:
Dungeon (9/15)             Temple (0/1) D:4         Ossuary (visited)
   Lair: D:8-11         Orc: D:9-12

Altars:
Sif Muna
Vehumet

Shops:
D:1 !   D:6 (

Annotations:
D:5 2 runed translucent doors
D:9 Psyche


Message History

Psyche gestures wildly while chanting.
A swirling arc of seething chaos appears!
The arc of chaos hits the kobold brigand.
The arc of chaos hits the orc priest.
A basilisk comes into view.
You hear a shout!
The basilisk hisses angrily.
You slice the hornet!! You punch the hornet.
The hornet is heavily wounded.
You hit the orc priest.
You hear a shout!
The hornet stings you! The orc priest barely misses you.
You furiously retaliate!
You headbutt the orc priest, but do no damage.
Psyche casts a spell.
A swirling arc of seething chaos appears!
The arc of chaos hits the kobold brigand.
The arc of chaos hits the orc priest.
The hornet stings you.
The kobold brigand shouts!
8838 ||| DRINKING 2 potions of heal wounds.
You feel much better. The hornet stings you.
The orc priest begins to cast a cantrip, but forgets the words!
The hornet stings you but does no damage.
The orc priest hits you but does no damage.
The orc wizard casts a spell.
The orc wizard flickers and vanishes!
Deactivating autopickup; reactivate with Ctrl-A.
You hit the hornet.
The hornet is severely wounded.
You hit the orc priest but do no damage.
You hit the orc priest. The hornet barely misses you.
Psyche casts a spell.
Psyche flickers and vanishes!
The orc priest invokes the aid of Beogh against you.
Beogh smites you!
The orc priest hits you with a +0 hand axe.
The hornet stings you!
You die...

..... ....
...# ### ...#
## #..#...#..#
#..K......#
...###ooy{...#
#....o@#
#.....l..#
#$.#..#.)# #
#..#### ...#.
.#. .... ...
...###..
.....)# ....


You could see a basilisk, a hornet, a kobold brigand, 2 orc priests and an orc.

Vanquished Creatures
  A two-headed ogre (D:9)
  A deep elf pyromancer (D:9)
  A hornet (D:7)
  Sigmund (D:2)
  17 yaks
  A wyvern (D:8)
  A steam dragon (D:9)
  Edmund (D:5)
  3 orc warriors
  A sky beast (D:6)
  4 centaurs
  A phantom (D:4)
  2 bullfrogs (D:9)
  2 necrophages (D:5)
  3 scorpions
  4 killer bees
  2 hounds (D:5)
  A jelly (D:6)
  3 orc priests
  Terence (D:3)
  4 iguanas
  Natasha (thrice) (D:2)
  8 orc wizards
  8 mummies (Ossuary)
  6 adders
  A gnoll (D:1)
  A shadow imp (D:8)
  2 white imps
  An ufetubus (D:6)
  3 worms
  7 dart slugs
  26 orcs
  12 ball pythons
  2 endoplasms
  3 giant cockroaches
  A gnoll zombie (Ossuary)
  10 goblins
  7 hobgoblins
  2 jackals (D:5)
  11 kobolds
  4 quokkas
  2 bats
  3 frilled lizards
  4 kobold zombies (Ossuary)
  3 orc zombies (Ossuary)
  5 rats
190 creatures vanquished.

Vanquished Creatures (others)
  7 fungi (D:4)
7 creatures vanquished.

Grand Total: 197 creatures vanquished

Notes
Turn   | Place    | Note
-------+----------+-------------------------------------------
     0 | D:1      | qw the Minotaur Berserker began the quest for the Orb.
     0 | D:1      | Reached XP level 1. HP: 19/19 MP: 0/0
     0 | D:1      | 0 ||| qw: Version: 0.1-a-119-g272c26d
     0 | D:1      | 0 ||| qw: Game counter: 10921
     0 | D:1      | 0 ||| qw: Always use a shield: true
     0 | D:1      | 0 ||| qw: Do Orc after D:15 true
     0 | D:1      | 0 ||| qw: Do second Lair branch before Depths: true
     0 | D:1      | 0 ||| qw: Lair rune preference: random
     0 | D:1      | 0 ||| qw: Plans: Normal
     0 | D:1      | 0 ||| PLANNING D:1-11
    37 | D:1      | 37 ||| INVOKING Berserk.
    42 | D:1      | Reached skill level 4 in Axes
    42 | D:1      | Reached XP level 2. HP: 26/26 MP: 1/1
   234 | D:1      | 234 ||| Stepping ~*~*~tactically~*~*~ (stealth).
   236 | D:1      | 236 ||| Stepping ~*~*~tactically~*~*~ (stealth).
   241 | D:1      | 241 ||| Stepping ~*~*~tactically~*~*~ (stealth).
   270 | D:1      | 270 ||| Stepping ~*~*~tactically~*~*~ (hiding).
   372 | D:1      | 372 ||| Stepping ~*~*~tactically~*~*~ (hiding).
   474 | D:1      | 474 ||| Stepping ~*~*~tactically~*~*~ (hiding).
   577 | D:1      | Found Cunocada's Distillery.
   598 | D:1      | 598 ||| SHOPLISTING 2 potions of curing (78 gold, have 5).
   598 | D:1      | 598 ||| SHOPLISTING potion of curing (39 gold, have 5).
   598 | D:1      | 598 ||| SHOPLISTING potion of might (52 gold, have 5).
   598 | D:1      | 598 ||| SHOPLISTING potion of resistance (130 gold, have
                  | 5).
   635 | D:1      | Reached skill level 5 in Axes
   781 | D:1      | Reached XP level 3. HP: 27/31 MP: 2/2
  1303 | D:1      | 1303 ||| READING 2 scrolls labelled KEKLEIMOHA.
  1304 | D:1      | 1304 ||| READING scroll labelled HUEDACAXY.
  1305 | D:1      | 1305 ||| DRINKING 3 ruby potions.
  1306 | D:1      | 1306 ||| DRINKING 2 golden potions.
  1600 | D:2      | Noticed Natasha
  1601 | D:2      | 1601 ||| INVOKING Berserk.
  1607 | D:2      | Killed Natasha
  1608 | D:2      | Reached skill level 6 in Axes
  1608 | D:2      | Reached XP level 4. HP: 36/39 MP: 3/3
  1718 | D:2      | Noticed Natasha
  1719 | D:2      | 1719 ||| INVOKING Berserk.
  1720 | D:2      | Killed Natasha
  1880 | D:2      | Noticed Sigmund
  1883 | D:2      | 1883 ||| DRINKING 2 potions of curing.
  1883 | D:2      | 1883 ||| (to cure confusion)
  1884 | D:2      | 1884 ||| INVOKING Berserk.
  1890 | D:2      | Killed Sigmund
  1891 | D:2      | Reached skill level 8 in Axes
  1891 | D:2      | Reached XP level 5. HP: 45/45 MP: 4/4
  2041 | D:2      | 2041 ||| READING 2 scrolls of identify.
  2041 | D:2      | 2041 ||| IDENTIFYING emerald potion
  2162 | D:2      | Reached XP level 6. HP: 51/51 MP: 5/5
  2171 | D:2      | 2171 ||| DROPPING +0 club.
  2235 | D:2      | Reached ** piety under Trog
  2394 | D:2      | 2394 ||| READING scroll labelled GALOLE UPUIRR.
  2507 | D:3      | 2507 ||| STAIRDANCE
  2535 | D:3      | Found a faded altar of an unknown god.
  2552 | D:3      | Identified the +3 scale mail "Bubbyrih" {rPois rN+}
  2704 | D:3      | 2704 ||| INVOKING Berserk.
  2757 | D:3      | 2757 ||| Stepping ~*~*~tactically~*~*~ (stealth).
  3079 | D:3      | Noticed Terence
  3084 | D:3      | 3084 ||| INVOKING Berserk.
  3089 | D:3      | Killed Terence
  3203 | D:3      | 3203 ||| DROPPING +0 whip.
  3335 | D:3      | 3335 ||| UPGRADING to +0 leather armour.
  3345 | D:3      | 3345 ||| DROPPING +0 animal skin.
  3346 | D:3      | 3346 ||| UPGRADING to +3 scale mail "Bubbyrih" {rPois rN+}.
  3356 | D:3      | 3356 ||| DROPPING +0 leather armour.
  3357 | D:3      | 3357 ||| UPGRADING to +0 cloak.
  3362 | D:3      | 3362 ||| READING scroll labelled REIROH JUIWUORPH.
  3363 | D:3      | 3363 ||| READING 3 scrolls of identify.
  3363 | D:3      | 3363 ||| IDENTIFYING bubbling blue potion
  3364 | D:3      | 3364 ||| READING 2 scrolls of identify.
  3364 | D:3      | 3364 ||| IDENTIFYING fizzy white potion
  3365 | D:3      | 3365 ||| DROPPING potion of attraction.
  3404 | D:2      | Noticed Natasha
  3409 | D:2      | 3409 ||| INVOKING Berserk.
  3410 | D:2      | Killed Natasha
  3412 | D:2      | Reached skill level 9 in Axes
  3644 | D:2      | 3644 ||| READING scroll labelled DENUILASTR CUMP.
  3735 | D:4      | 3735 ||| Stepping ~*~*~tactically~*~*~ (hiding).
  3736 | D:4      | 3736 ||| Stepping ~*~*~tactically~*~*~ (hiding).
  3747 | D:4      | Reached XP level 7. HP: 52/61 MP: 6/6
  3804 | D:4      | 3804 ||| Stepping ~*~*~tactically~*~*~ (stealth).
  3817 | D:4      | 3817 ||| Stepping ~*~*~tactically~*~*~ (stealth).
  3844 | D:4      | Found a staircase to the Ecumenical Temple.
  4618 | D:4      | 4618 ||| UPGRADING to amulet of regeneration.
  4623 | D:4      | 4623 ||| READING scroll labelled AHIX GUDOPPOI.
  4649 | D:4      | 4649 ||| READING 2 scrolls of identify.
  4649 | D:4      | 4649 ||| IDENTIFYING murky ruby potion
  4650 | D:4      | 4650 ||| DROPPING potion of berserk rage.
  4661 | D:5      | Entered Level 5 of the Dungeon
  4662 | D:5      | 4662 ||| PLANNING OSSUARY
  4674 | D:5      | Found a runed translucent door.
  4676 | D:5      | Noticed a vampire mosquito
  4676 | D:5      | Noticed a vampire mosquito
  4677 | D:5      | Noticed a vampire mosquito
  4705 | D:5      | 4705 ||| Stepping ~*~*~tactically~*~*~ (hiding).
  4716 | D:5      | Reached skill level 10 in Axes
  4753 | D:5      | 4753 ||| READING scroll of enchant weapon.
  4753 | D:5      | 4753 ||| ENCHANTING +1 hand axe.
  4766 | D:5      | Found a sand-covered staircase.
  4771 | Ossuary  | Entered an ossuary
  4824 | Ossuary  | Reached *** piety under Trog
  4894 | Ossuary  | 4894 ||| READING scroll of enchant weapon.
  4894 | Ossuary  | 4894 ||| ENCHANTING +2 hand axe.
  4903 | Ossuary  | 4903 ||| READING scroll of enchant weapon.
  4903 | Ossuary  | 4903 ||| ENCHANTING +3 hand axe.
  4980 | Ossuary  | 4980 ||| READING scroll of enchant weapon.
  4980 | Ossuary  | 4980 ||| ENCHANTING +4 hand axe.
  5012 | Ossuary  | 5012 ||| READING scroll labelled LADEL CACETSIT.
  5013 | Ossuary  | 5013 ||| READING scroll labelled LEKIUFR ENYSTY.
  5014 | Ossuary  | 5014 ||| READING scroll labelled TULOUMIAXI.
  5015 | Ossuary  | 5015 ||| READING scroll labelled HAIMIA ZULOROST.
  5016 | Ossuary  | 5016 ||| DRINKING 2 sedimented brown potions.
  5017 | Ossuary  | 5017 ||| DRINKING 2 yellow potions.
  5118 | Ossuary  | 5118 ||| DRINKING 2 puce potions.
  5119 | Ossuary  | 5119 ||| READING 2 scrolls of identify.
  5119 | Ossuary  | 5119 ||| IDENTIFYING purple potion
  5120 | Ossuary  | 5120 ||| DROPPING potion of magic.
  5121 | Ossuary  | 5121 ||| DROPPING potion of ambrosia.
  5122 | Ossuary  | 5122 ||| DROPPING potion of lignification.
  5123 | Ossuary  | 5123 ||| DROPPING potion of brilliance.
  5147 | D:5      | 5147 ||| PLANNING D:1-11
  5294 | D:5      | Reached skill level 6 in Fighting
  5459 | D:5      | 5459 ||| FLEEEEING.
  5472 | D:5      | Reached XP level 8. HP: 63/70 MP: 7/7
  5532 | D:5      | Reached skill level 11 in Axes
  5645 | D:5      | 5645 ||| Stepping ~*~*~tactically~*~*~ (hiding).
  5750 | D:5      | Noticed Edmund
  5752 | D:5      | 5752 ||| INVOKING Berserk.
  5758 | D:5      | Killed Edmund
  5864 | D:5      | 5864 ||| DROPPING +0 flail.
  5943 | D:5      | Found a runed translucent door.
  6072 | D:5      | 6072 ||| READING scroll labelled XIBRUO ZUSTOA.
  6073 | D:5      | 6073 ||| READING scroll labelled JORUAQ TEIMMO.
  6074 | D:5      | 6074 ||| READING 2 scrolls of identify.
  6074 | D:5      | 6074 ||| IDENTIFYING fizzy purple potion
  6075 | D:5      | 6075 ||| DROPPING potion of flight.
  6102 | D:6      | 6102 ||| STAIRDANCE
  6106 | D:6      | 6106 ||| STAIRDANCE
  6128 | D:6      | Found a radiant altar of Vehumet.
  6264 | D:6      | 6264 ||| Stepping ~*~*~tactically~*~*~ (stealth).
  6287 | D:6      | 6287 ||| Stepping ~*~*~tactically~*~*~ (stealth).
  6288 | D:6      | 6288 ||| INVOKING Berserk.
  6477 | D:6      | Found Arixeur's Weapon Emporium.
  6523 | D:6      | 6523 ||| INVOKING Berserk.
  6645 | D:6      | Found a shimmering blue altar of Sif Muna.
  6658 | D:6      | Reached skill level 12 in Axes
  6899 | D:6      | 6899 ||| DROPPING +2 chain mail of willpower.
  6900 | D:6      | 6900 ||| DRINKING 2 bubbling brown potions.
  6900 | D:6      | Gained mutation: You are weak. (Str -2) [potion of
                  | mutation]
  6900 | D:6      | Gained mutation: You are frail. (-10% HP) [potion of
                  | mutation]
  6900 | D:6      | Gained mutation: You have hidden genetic potential. [potion
                  | of mutation]
  6901 | D:6      | 6901 ||| DRINKING potion of mutation.
  6901 | D:6      | Lost mutation: You have hidden genetic potential. [potion
                  | of mutation]
  6901 | D:6      | Lost mutation: You are weak. (Str -2) [potion of mutation]
  6901 | D:6      | Gained mutation: You have an increased reservoir of magic.
                  | (+10% MP) [potion of mutation]
  6901 | D:6      | Gained mutation: You possess an exceptional clarity of
                  | mind. [potion of mutation]
  6979 | D:7      | Found a flagged portal.
  6988 | D:7      | 6988 ||| DROPPING +2 hand axe of venom.
  7053 | D:7      | Reached skill level 1 in Throwing
  7162 | D:7      | Noticed a hornet
  7172 | D:7      | Killed a hornet
  7747 | D:8      | 7747 ||| Stepping ~*~*~tactically~*~*~ (stealth).
  7748 | D:8      | 7748 ||| Stepping ~*~*~tactically~*~*~ (stealth).
  7757 | D:8      | Reached XP level 9. HP: 67/71 MP: 8/8
  7787 | D:8      | Reached skill level 13 in Axes
  7789 | D:8      | Reached skill level 3 in Dodging
  7795 | D:8      | 7795 ||| INVOKING Berserk.
  7801 | D:8      | Reached skill level 14 in Axes
  7999 | D:8      | 7999 ||| Stepping ~*~*~tactically~*~*~ (hiding).
  8001 | D:8      | 8001 ||| Stepping ~*~*~tactically~*~*~ (hiding).
  8008 | D:8      | Reached skill level 9 in Fighting
  8008 | D:8      | 8008 ||| Stepping ~*~*~tactically~*~*~ (hiding).
  8019 | D:8      | Reached **** piety under Trog
  8021 | D:8      | 8021 ||| INVOKING Berserk.
  8210 | D:8      | 8210 ||| SWAPPING to +0 war axe.
  8211 | D:8      | 8211 ||| DROPPING +5 hand axe of protection.
  8259 | D:8      | 8259 ||| Stepping ~*~*~tactically~*~*~ (hiding).
  8264 | D:8      | 8264 ||| INVOKING Berserk.
  8272 | D:8      | 8272 ||| Stepping ~*~*~tactically~*~*~ (hiding).
  8289 | D:8      | Reached XP level 10. HP: 70/81 MP: 10/10
  8431 | D:8      | Reached skill level 3 in Throwing
  8558 | D:8      | 8558 ||| READING 4 scrolls of identify.
  8558 | D:8      | 8558 ||| IDENTIFYING red potion
  8559 | D:8      | 8559 ||| DROPPING potion of invisibility.
  8575 | D:9      | 8575 ||| STAIRDANCE
  8598 | D:9      | 8598 ||| STAIRDANCE
  8626 | D:9      | 8626 ||| Stepping ~*~*~tactically~*~*~ (stealth).
  8628 | D:9      | 8628 ||| Stepping ~*~*~tactically~*~*~ (stealth).
  8630 | D:9      | Noticed a two-headed ogre
  8636 | D:9      | 8636 ||| INVOKING Berserk.
  8641 | D:9      | Killed a two-headed ogre
  8642 | D:9      | Reached skill level 15 in Axes
  8789 | D:9      | Noticed a deep elf pyromancer
  8790 | D:9      | 8790 ||| Stepping ~*~*~tactically~*~*~ (stealth).
  8800 | D:9      | 8800 ||| INVOKING Berserk.
  8802 | D:9      | Killed a deep elf pyromancer
  8807 | D:9      | Reached skill level 16 in Axes
  8814 | D:9      | 8814 ||| Stepping ~*~*~tactically~*~*~ (hiding).
  8815 | D:9      | 8815 ||| Stepping ~*~*~tactically~*~*~ (hiding).
  8816 | D:9      | 8816 ||| Stepping ~*~*~tactically~*~*~ (hiding).
  8817 | D:9      | 8817 ||| Stepping ~*~*~tactically~*~*~ (hiding).
  8833 | D:9      | HP: 8/82 [efreet/+4 scimitar of flaming (15)]
  8833 | D:9      | HP: 2/82 [efreet/+4 scimitar of flaming (6)]
  8834 | D:9      | 8834 ||| READING scroll of teleportation.
  8835 | D:9      | 8835 ||| DRINKING 3 potions of heal wounds.
  8835 | D:9      | Noticed Psyche
  8838 | D:9      | 8838 ||| DRINKING 2 potions of heal wounds.
  8839 | D:9      | HP: 12/82 [orc priest/divine providence (16)]
  8839 | D:9      | Mangled by a hornet

Levels and vault maps discovered:
D:1:      roderic_octagonal_star, layout_loops_ring, serial_shops, shop,
          hangedman_abyss_or_decor_stabs, glass_columns_b
D:2:      layout_basic, uniq_sigmund, uniq_natasha
D:3:      layout_loops_ring, basic_ecumenical_altar, uniq_terence
D:4:      layout_loops_ring, minmay_temple_entry_ruins, serial_aquarium,
          aquarium_bridge_square [aquarium_subvault_bridge,
          aquarium_subvault_window, aquarium_subvault_bridge,
          aquarium_subvault_wall], aquarium_window_fake, aquarium_window_1,
          aquarium_window_corner, aquarium_window_corner, aquarium_view_2e,
          aquarium_view_2a, aquarium_balcony_double_4, aquarium_pool_2,
          kennysheep_another_room
D:5:      lemuel_insect_pit, layout_basic, enter_ossuary_5, uniq_edmund
D:6:      layout_rooms, kennysheep_orc_sif_temple, vehumet_altar_wand_db,
          serial_shops, nicolae_shop_bloodbath_and_beyond
D:7:      layout_gridville, enter_bailey_2, serial_park_tiny_pond
D:8:      layout_rooms
D:9:      hangedman_cross_cluster, layout_rooms, david_lair_generic,
          lightli_fourway_metalbox, uniq_psyche, uniq_amaemon, uniq_maurice

Skill      XL: |  1  2  3  4  5  6  7  8  9 10 |
---------------+-------------------------------+-----
Axes           | 4 5 6 8 9 10 12 14 16 | 16.0
Fighting       | 5 6 7 9 |  9.7
Armour         | 4 |  4.2
Throwing       | 1 2 3 |  3.0
Dodging        | 3 |  3.3

Action                   |  1- 3 |  4- 6 |  7- 9 | 10-12 || total
-------------------------+-------+-------+-------+-------++-------
Melee: Hand axe          |    77 |    85 |   272 |       ||   434
       Headbutt          |     7 |    15 |    49 |     8 ||    79
       Punch             |     4 |     1 |     4 |     1 ||    10
       War axe           |       |       |    19 |    64 ||    83
Throw: Boomerang         |       |    14 |    19 |       ||    33
       Javelin           |       |       |       |     7 ||     7
Invok: Berserk           |     2 |     5 |     6 |     2 ||    15
  Use: Potion            |     2 |     1 |     5 |     2 ||    10
       Scroll            |     2 |     6 |    14 |     2 ||    24
Armor: Animal skin       |    10 |     6 |       |       ||    16
       Scale mail        |       |    12 |    78 |    34 ||   124
Dodge: Dodged            |    30 |    38 |   106 |    40 ||   214

Table legend:
 A = Non-vault XP
 B = Vault XP
 C = Vault XP percentage of total XP
 D = Non-vault monster count
 E = Vault monster count
 F = Vault count percentage of total count
                 A         B        C        D         E       F
            +---------+---------+-------+---------+---------+-------
      Total |    7050 |    1927 |  21.5 |     159 |      31 |  16.3
            +---------+---------+-------+---------+---------+-------
        D:1 |      59 |       0 |   0.0 |      21 |       0 |   0.0
        D:2 |     144 |     261 |  64.4 |      24 |       2 |   7.7
        D:3 |     107 |      36 |  25.2 |      22 |       1 |   4.3
        D:4 |     425 |       0 |   0.0 |      15 |       0 |   0.0
        D:5 |     513 |     169 |  24.8 |      15 |       1 |   6.2
        D:6 |     241 |     203 |  45.7 |       9 |       4 |  30.8
        D:7 |     375 |       0 |   0.0 |       4 |       0 |   0.0
        D:8 |    3126 |       0 |   0.0 |      39 |       0 |   0.0
        D:9 |    2060 |    1109 |  35.0 |      10 |       7 |  41.2
    Ossuary |       0 |     149 | 100.0 |       0 |      16 | 100.0
            +---------+---------+-------+---------+---------+-------
